 Dungeon Crawl Stone Soup version 0.18-a0-246-gbfa2ae1 (webtiles) character file.

5 Duffy the Chucker (level 1, -1/17 HPs)
             Began as a Formicid Hunter on Nov 25, 2015.
             Slain by a hobgoblin
             ... wielding a +0 club
              (3 damage)
             ... on level 1 of the Dungeon.
             The game lasted 00:00:19 (258 turns).

Duffy the Chucker (Formicid Hunter)                  Turns: 258, Time: 00:00:20

Health: -1/17      AC:  3    Str: 16    XL:     1   Next: 88%
Magic:  1/1        EV: 10    Int: 10    God:
Gold:   0          SH:  0    Dex: 11    Spells: 0 memorised, 0 levels left

rFire  . . .     SeeInvis +     a - +0 short sword
rCold  . . .     Clarity  .     b - +0 leather armour
rNeg   . . .     SustAt   .     (no shield)
rPois  .         Gourm    .     (helmet unavailable)
rElec  .         Spirit   .     (no cloak)
rCorr  .         Warding  .     (no gloves)
rMut   .         Stasis   +     (no boots)
MR     .....                    (no amulet)
Stlth  +.........               (no ring)
                                g - -2 ring of evasion (curse)

@: not resistant to hostile enchantments, very unstealthy
A: permanent stasis, dig shafts and tunnels, four strong arms, antennae 3
a: Dig, Shaft Self


You were on level 1 of the Dungeon.
You were not hungry.

You visited 1 branch of the dungeon, and saw 1 of its levels.


Innate Abilities, Weirdness & Mutations

You are under a permanent stasis effect.
You can dig through walls and to a lower floor.
Your four strong arms can wield two-handed weapons with a shield.
You have a pair of large antennae on your head (SInv).


   Skills:
 + Level 2.4 Fighting
 + Level 3.2 Throwing
 + Level 2.1 Dodging
 - Level 1.2 Stealth


You couldn't memorise any spells.
You didn't know any spells.

Inventory:

Hand Weapons
 a - a +0 short sword (weapon)
Missiles
 c - 6 javelins (quivered)
 d - 2 throwing nets
Armour
 b - a +0 leather armour (worn)
Jewellery
 g - a cursed -2 ring of evasion (left hand)
Scrolls
 f - a scroll of enchant armour {unknown}
Comestibles
 e - a bread ration

Dungeon Overview and Level Annotations

Branches:
Dungeon (1/15)

Altars:


Message History

g - a wooden ring Put on which piece of jewellery? (? for menu, Esc to quit)
Oops, that ring feels deathly cold.
g - a cursed -2 ring of evasion (left hand) HP restored.
A hobgoblin comes into view. It is wielding a club.
The hobgoblin hits you but does no damage.
You hit the hobgoblin but do no damage. You barely miss the hobgoblin.
The hobgoblin hits you with a club.
You barely miss the hobgoblin. The hobgoblin barely misses you.
You closely miss the hobgoblin. The hobgoblin closely misses you.
You barely miss the hobgoblin. You barely miss the hobgoblin.
The hobgoblin hits you with a club.
You are too injured to fight recklessly!
You are too injured to fight recklessly!
You are too injured to fight recklessly!
You are too injured to fight recklessly!
You are too injured to fight recklessly!
You are too injured to fight recklessly!
You are too injured to fight recklessly!
You are too injured to fight recklessly!
You are too injured to fight recklessly!
You are too injured to fight recklessly!
You are too injured to fight recklessly!
You are too injured to fight recklessly!
You barely miss the hobgoblin. The hobgoblin hits you with a club.
You hit the hobgoblin.
The hobgoblin is heavily wounded.
You completely miss the hobgoblin.
The hobgoblin is heavily wounded.
The hobgoblin hits you with a club.
You hit the hobgoblin but do no damage.
The hobgoblin is heavily wounded.
The hobgoblin hits you with a club.
You die...

####### #.....#
######.....# .
###..........# ...
.............#
....####..........#
#.................#
......g@.....%....#
...###.#.!....#########
#.####...........#
.......#.........#
......###.........##
..#...####..........#
...#... ...(.........#
....... {###.##'''##..#
.. ###%#.....#..#


You could see a hobgoblin.

Action                   || total
-------------------------++-------
Melee: Short sword       ||    30
 Stab: Sleeping          ||     1

Notes
Turn   | Place    | Note
--------------------------------------------------------------
     0 | D:1      | Duffy the Formicid Hunter began the quest for the Orb.
     0 | D:1      | Reached XP level 1. HP: 16/16 MP: 1/1
    23 | D:1      | Reached skill level 2 in Dodging
   258 | D:1      | Slain by a hobgoblin

Vault maps used:
D:1:      dpeg_arrival_windows_large_door

Vanquished Creatures
  A giant gecko
  A bat
  2 jackals
  A rat
5 creatures vanquished.
